 Dungeon Crawl Stone Soup version 0.22-a0-240-g539252a (webtiles) character file.

193 Azzok the Firebug (level 5, -3/38 HPs)
             Began as a Hill Orc Fire Elementalist on Feb 21, 2018.
             Slain by an orc wizard
             ... wielding a +0 dagger
              (5 damage)
             ... on level 3 of the Dungeon.
             The game lasted 00:07:21 (4396 turns).

Azzok the Firebug (Hill Orc Fire Elementalist)      Turns: 4396, Time: 00:07:22

Health: -3/38      AC:  4    Str: 15 (16) XL:     5   Next: 72%
Magic:  14/22      EV: 12    Int: 15 (16) God:
Gold:   136        SH:  0    Dex: 10 (11) Spells: 3/7 levels left

rFire    + . .     SeeInvis .   l - staff of power
rCold    + . .     Gourm    .   (no shield)
rNeg     . . .     Faith    .   a - +0 robe
rPois    +         Spirit   .   r - +0 helmet
rElec    +         Reflect  .   (no cloak)
rCorr    +         Harm     .   o - +0 pair of gloves
MR       .....                  (no boots)
Stlth    ++........             (no amulet)
HPRegen  0.12/turn              (no ring)
MPRegen  0.18/turn              (no ring)

@: mighty, resistant, flying
A: no striking features
a: no special abilities


You were on level 3 of the Dungeon.
You were not hungry.

You visited 1 branch of the dungeon, and saw 4 of its levels.

You collected 136 gold pieces.

Inventory:

Hand Weapons
 d - a +0 club
 q - a +2 dagger of freezing
Armour
 a - a +0 robe (worn)
 o - a +0 pair of gloves (worn)
 r - a +0 helmet (worn)
Magical Staves
 l - an uncursed staff of power (weapon)
Scrolls
 c - a scroll of random uselessness
 e - a scroll of identify
 g - a scroll of remove curse
 m - a scroll of teleportation {unknown}
Comestibles
 b - 6 rations
 j - 2 chunks of flesh


   Skills:
 - Level 1.5 Dodging
 - Level 1.5 Stealth
 + Level 1.8 Spellcasting
 + Level 3.7 Conjurations
 + Level 5.2 Fire Magic


You had 3 spell levels left.
You knew the following spells:

 Your Spells              Type           Power        Failure   Level  Hunger
a - Flame Tongue          Conj/Fire      ##...        3%          1    ##.....
b - Conjure Flame         Conj/Fire      ##......     11%         3    ####...


Dungeon Overview and Level Annotations

Branches:
Dungeon (4/15)
 Temple: D:4-7

Altars:
Okawaru


Message History

Something hits you.
* * * LOW HITPOINT WARNING * * *
You closely miss something.
You hear some strange, mumbled words.
A puff of flame appears from out of thin air!
The puff of flame hits you!
* * * LOW HITPOINT WARNING * * *
Something hits you but does no damage.
It was a potion of resistance.
You feel protected.
You feel less confused. Something hits you.
* * * LOW HITPOINT WARNING * * *
It was a potion of degeneration.
There was something very wrong with that liquid.
You feel weakened.
You feel dopey.
You feel clumsy. Something hits you but does no damage.
It was a potion of flight.
You feel very buoyant.
You fly up into the air.
Something hits you.
You die...

▒·····▒ ▒········· ▒((···▒
▒·[······· ▒▒▒▒)····▒
▒▒▒▒▒····· ▒▒▒▒·<)·····▒
▒▒▒▒······
▒···((▒·▒▒▒·▒▒▒▒▒····▒▒···
▒··(··▒·▒ ▒··▒▒···▒▒·▒▒···
▒·······▒▒▒▒·▒▒·▒▒▒··▒▒·▒▒
▒▒▒▒▒▒▒·····{······▒▒▒>▒▒▒···
▒·······▒··▒@·······▒▒·▒▒▒···
▒······▒▒·▒▒▒▒▒▒▒▒▒·)········
▒······▒▒·▒▒▒▒ ▒▒·····▒▒▒▒
▒············▒▒▒▒▒▒▒·········
▒······▒▒·▒▒·····▒▒····▒▒▒·▒·
▒·········▒▒▒▒▒▒····▒··▒ ▒···
▒·······▒▒▒ ▒···▒▒····▒▒▒▒▒·
▒▒▒▒▒▒▒·▒ ▒▒···············
▒·▒ ▒···········▒▒··▒


There were no monsters in sight!

Vanquished Creatures
  An orc priest (D:2)
  An orc wizard (D:3)
  A worker ant (D:4)
  2 adders
  An ooze (D:3)
  A worm (D:2)
  2 dart slugs
  2 leopard geckos (D:2)
  4 orcs
  3 ball pythons
  8 bats
  5 giant cockroaches
  14 goblins
  7 hobgoblins
  2 quokkas (D:2)
  7 frilled lizards
  8 kobolds
  6 rats
75 creatures vanquished.

Notes
Turn   | Place    | Note
-------+----------+-------------------------------------------
     0 | D:1      | Azzok the Hill Orc Fire Elementalist began the quest for the Orb.
     0 | D:1      | Reached XP level 1. HP: 14/14 MP: 3/3
     3 | D:1      | Noticed an electric eel
    10 | D:1      | Noticed an electric eel
   122 | D:1      | Reached XP level 2. HP: 18/20 MP: 0/4
   689 | D:1      | You fall through a shaft!
   689 | D:2      | Found an iron altar of Okawaru.
   885 | D:2      | Reached XP level 3. HP: 22/26 MP: 3/5
   963 | D:2      | Reached skill level 4 in Fire Magic
  1384 | D:2      | Learned a level 3 spell: Conjure Flame
  1946 | D:2      | Reached XP level 4. HP: 25/33 MP: 6/6
  3492 | D:3      | Reached skill level 5 in Fire Magic
  3492 | D:3      | Reached XP level 5. HP: 38/38 MP: 7/7
  3835 | D:3      | Found a faded altar of an unknown god.
  4396 | D:3      | Slain by an orc wizard

Vault maps used:
D:1:      arrival_aquarium_b
D:2:      okawaru_gym_becter, minmay_close_crescents
D:3:      cheibrodos_pilgrimage, chequers_ecumenical_altar_grove
D:4:      cheibrodos_sewer_entry_drain, uniq_robin, uniq_edmund,
          uniq_blork_the_orc

Skill      XL: |  1  2  3  4 |
---------------+-------------+-----
Conjurations   | 2 3 |  3.7
Fire Magic     | 4 5 |  5.2
Dodging        | |  1.5
Stealth        | |  1.5
Spellcasting   | |  1.8

Action                   |  1- 3 |  4- 6 || total
-------------------------+-------+-------++-------
Melee: Unarmed           |     3 |       ||     3
       Club              |    40 |       ||    40
       Staff             |       |     1 ||     1
 Cast: Flame Tongue      |    55 |    88 ||   143
       Conjure Flame     |       |     1 ||     1
  Use: Potion            |       |     4 ||     4
       Scroll            |       |     3 ||     3
  Eat: Chunk             |     4 |    10 ||    14
Armor: Robe              |    24 |    12 ||    36
Dodge: Dodged            |    54 |    34 ||    88

Table legend:
 A = Spawn XP
 B = Non-spawn XP
 C = Spawn XP percentage of total XP
 D = Spawn monster count
 E = Non-spawn monster count
 F = Spawn count percentage of total count
 G = Total turns spent on level
                    A         B        C        D         E        F      G
               +---------+---------+-------+---------+---------+-------+---------
         Total |       0 |     277 |   0.0 |       0 |      75 |   0.0 |  4396
               +---------+---------+-------+---------+---------+-------+---------
           D:1 |       0 |      29 |   0.0 |       0 |      16 |   0.0 |   900
           D:2 |       0 |     110 |   0.0 |       0 |      31 |   0.0 |  2327
           D:3 |       0 |     104 |   0.0 |       0 |      27 |   0.0 |   991
           D:4 |       0 |      34 |   0.0 |       0 |       1 |   0.0 |   178
               +---------+---------+-------+---------+---------+-------+---------
